 Dungeon Crawl Stone Soup version 0.22.1-6-g1668fe2 (webtiles) character file.

1976 dvd the Cudgeler (level 9, -1/45 HPs)
             Began as a Vine Stalker Gladiator on Jan 27, 2019.
             Slain by Duvessa
             ... wielding a +1 short sword of flaming
              (3 damage)
             ... on level 7 of the Dungeon.
             The game lasted 00:10:50 (5262 turns).

dvd the Cudgeler (Vine Stalker Gladiator)           Turns: 5262, Time: 00:10:51

Health: -1/45      AC: 11    Str: 20    XL:     9   Next: 20%
Magic:  0/10       EV: 12    Int:  8    God:
Gold:   339        SH:  0    Dex: 16    Spells: 8/8 levels left

rFire    . . .     SeeInvis .   a - +0 war axe
rCold    . . .     Gourm    .   (no shield)
rNeg     . . .     Faith    .   g - +0 scale mail
rPois    +         Spirit   +   c - +0 helmet
rElec    .         Reflect  .   (no cloak)
rCorr    .         Harm     .   (no gloves)
MR       +....                  m - +2 pair of boots
Stlth    +.........             (no amulet)
HPRegen  0.55/turn              F - ring of poison resistance
MPRegen  0.12/turn              (no ring)

@: no status effects
A: fangs 3, regeneration 1, magic shield, antimagic bite, no potion heal 3, rot
immunity
a: no special abilities


You were on level 7 of the Dungeon.
You were not hungry.

You visited 1 branch of the dungeon, and saw 7 of its levels.

You collected 339 gold pieces.

Inventory:

Hand Weapons
 a - a +0 war axe (weapon)
 e - a +0 whip of flaming
Missiles
 d - a throwing net (quivered)
Armour
 b - a +0 leather armour
 c - a +0 helmet (worn)
 g - a +0 scale mail (worn)
 l - a +0 chain mail
 m - a +2 pair of boots (worn)
 p - a +0 ring mail
Jewellery
 F - a ring of poison resistance (left hand)
Wands
 w - a wand of acid (7)
 x - a wand of paralysis (13)
 E - a wand of random effects (35)
Scrolls
 h - a scroll of random uselessness {unknown}
 i - 2 scrolls of magic mapping {unknown}
 k - a scroll of fear {unknown}
 n - 4 scrolls of remove curse {unknown}
 r - 4 scrolls of identify {unknown}
 y - 4 scrolls of blinking {unknown}
 D - 3 scrolls of teleportation {unknown}
 H - a scroll of enchant armour {unknown}
Potions
 j - 2 potions of degeneration {unknown}
 o - 3 potions of curing {unknown}
 q - a potion of agility {unknown}
 s - a potion of ambrosia {unknown}
 t - 2 potions of magic {unknown}
 u - 2 potions of haste {unknown}
 v - 3 potions of lignification {unknown}
 z - a potion of might {unknown}
 A - 2 potions of invisibility {unknown}
 B - 2 potions of flight {unknown}
 C - a potion of berserk rage {unknown}
 G - 2 potions of brilliance {unknown}
Comestibles
 f - 16 rations
 I - 2 chunks of flesh


   Skills:
 + Level 4.2 Fighting
 + Level 3.8(5.6) Axes
 + Level 6.3(6.8) Maces & Flails
 + Level 2.2 Throwing
 + Level 4.4 Armour
 + Level 4.1 Dodging
 + Level 3.7 Stealth


You had 8 spell levels left.
You didn't know any spells.
Your spell library was empty.

Dungeon Overview and Level Annotations

Branches:
Dungeon (7/15)
 Temple: D:4-7

Altars:
Gozag
Nemelex Xobeh
Qazlal

Annotations:
D:3 3 runed doors, Kairos's ghost, amateur VSFi
D:7 Duvessa


Innate Abilities, Weirdness & Mutations

You have razor-sharp teeth.
Your natural rate of healing is unusually fast.
When hurt, damage is shared between your health and your magic reserves.
Your bite disrupts and absorbs the magic of your enemies.
Potions cannot restore your health.
You are immune to rotting.


Message History

The adder skeleton bites you but does no damage.
Unknown command.
You slash Duvessa! You bite Duvessa! You drain her power.
You feel invigorated.
Duvessa is severely wounded.
You hit the adder skeleton.
Duvessa hits you with a short sword of flaming!
Duvessa burns you.
* * * LOW HITPOINT WARNING * * *
The adder skeleton bites you but does no damage.
Duvessa closely misses you.
You barely miss Duvessa. You bite Duvessa, but do no damage.
Duvessa is severely wounded.
You hit the adder skeleton.
You destroy the adder skeleton!
Duvessa hits you with a short sword of flaming!
* * * LOW HITPOINT WARNING * * *
Duvessa burns you.
* * * LOW HITPOINT WARNING * * *
Duvessa hits you with a short sword of flaming.
You die...

.. . ####### #.
....... #.. ........
###.## #........
.#.....##........
.......e#........
....?...@....... .#
.......†)#...####.#
.....$...#...(.....
...................
......)..#.........
.........#..........
........#............
.#..................#
###................#.#


You could see Duvessa (berserk).

Vanquished Creatures
  Grinder (D:3)
  Sigmund (D:6)
  3 ice beasts
  2 phantoms
  2 sky beasts
  2 ogres (D:7)
  Dowan (D:7)
  A scorpion (D:6)
  A water moccasin skeleton (D:5)
  A howler monkey (D:5)
  A crimson imp (D:6)
  A bullfrog zombie (D:6)
  A jelly (D:3)
  2 orc priests
  2 hounds
  3 orc wizards
  Terence (D:3)
  6 worker ants
  A worker ant zombie (D:6)
  5 adders
  3 shadow imps
  2 adder skeletons
  An adder zombie (D:7)
  5 worms
  3 dart slugs
  4 leopard geckos
  7 orcs
  A ball python (D:3)
  3 giant cockroaches
  12 goblins
  5 hobgoblins
  10 kobolds
  A quokka (D:3)
  7 bats
  3 frilled lizards
  8 rats
113 creatures vanquished.

Notes
Turn   | Place    | Note
-------+----------+-------------------------------------------
     0 | D:1      | dvd the Vine Stalker Gladiator began the quest for the Orb.
     0 | D:1      | Reached XP level 1. HP: 11/11 MP: 2/2
    49 | D:1      | Reached XP level 2. HP: 14/15 MP: 3/3
   461 | D:1      | Reached XP level 3. HP: 18/18 MP: 4/4
  1088 | D:2      | Noticed an ice beast
  1120 | D:1      | Reached skill level 1 in Maces & Flails
  1481 | D:2      | Gained mutation: Your natural rate of healing is unusually
                  | fast. [Vine Stalker growth]
  1481 | D:2      | Reached XP level 4. HP: 19/23 MP: 5/5
  1490 | D:2      | Reached skill level 1 in Stealth
  1744 | D:2      | Killed an ice beast
  1744 | D:2      | Reached skill level 2 in Maces & Flails
  1744 | D:2      | Reached skill level 1 in Armour
  1744 | D:2      | Reached XP level 5. HP: 24/27 MP: 6/6
  1965 | D:3      | Noticed Grinder
  1980 | D:3      | Paralysed by Grinder for 3 turns
  1985 | D:3      | Killed Grinder
  1985 | D:3      | Reached skill level 3 in Maces & Flails
  1985 | D:3      | Reached XP level 6. HP: 14/32 MP: 4/7
  2054 | D:3      | Noticed a phantom
  2087 | D:3      | Killed a phantom
  2087 | D:3      | Reached XP level 7. HP: 35/35 MP: 8/8
  2247 | D:3      | Noticed Terence
  2267 | D:3      | Killed Terence
  2413 | D:3      | Found a runed gate.
  2422 | D:3      | Found an opulent altar of Gozag.
  2423 | D:3      | Found a runed gate.
  2423 | D:3      | Found a runed gate.
  2423 | D:3      | Noticed Kairos's ghost (amateur VSFi)
  2763 | D:4      | Reached skill level 4 in Maces & Flails
  3145 | D:4      | Found a sparkling altar of Nemelex Xobeh.
  3383 | D:5      | Entered Level 5 of the Dungeon
  3743 | D:5      | Gained mutation: You have razor-sharp teeth. [Vine Stalker
                  | growth]
  3743 | D:5      | Reached XP level 8. HP: 37/40 MP: 9/9
  3932 | D:5      | Found a stormy altar of Qazlal.
  4424 | D:6      | Noticed Sigmund
  4435 | D:6      | Killed Sigmund
  4435 | D:6      | Reached skill level 5 in Maces & Flails
  5182 | D:7      | Reached XP level 9. HP: 34/45 MP: 10/10
  5186 | D:7      | Reached skill level 6 in Maces & Flails
  5244 | D:7      | Noticed Dowan
  5244 | D:7      | Noticed Duvessa
  5256 | D:7      | Killed Dowan
  5262 | D:7      | HP: 2/45 [Duvessa/short sword of flaming (3)]
  5262 | D:7      | Slain by Duvessa

Skill      XL: |  1  2  3  4  5  6  7  8  9 |
---------------+----------------------------+-----
Axes           | 3 |  3.8
Fighting       | 2 3 4 |  4.2
Maces & Flails | 1 2 3 4 5 6 |  6.3
Stealth        | 2 3 |  3.7
Armour         | 1 2 4 |  4.4
Throwing       | 2 |  2.2
Dodging        | 3 4 |  4.1

Action                   |  1- 3 |  4- 6 |  7- 9 || total
-------------------------+-------+-------+-------++-------
Melee: Whip              |    98 |   110 |   245 ||   453
       Bite              |    20 |    41 |   113 ||   174
       War axe           |     4 |       |    24 ||    28
Throw: Throwing net      |       |     2 |     3 ||     5
 Stab: Sleeping          |     1 |       |       ||     1
       Held in net/web   |       |     5 |       ||     5
  Eat: Chunk             |     2 |     2 |     7 ||    11
       Ration            |       |       |     1 ||     1
Armor: Chain mail        |    19 |       |       ||    19
       Leather armour    |     1 |       |       ||     1
       Ring mail         |    15 |    27 |     7 ||    49
       Scale mail        |       |       |   106 ||   106
Dodge: Dodged            |    72 |    43 |   116 ||   231
